 Dungeon Crawl Stone Soup version 0.25.1-8-g42b30a86e7 (webtiles) character file.

Game seed: 18359146024883935086

35891 Cazemata the Executioner (level 13, -2/127 HPs)
             Began as a Minotaur Berserker on Dec 11, 2020.
             Was the Champion of Trog.
             Splashed by an oklob plant's acid (16 damage)
             ... on level 5 of the Lair of Beasts.
             The game lasted 01:00:45 (22218 turns).

Cazemata the Executioner (Minotaur Berserker)      Turns: 22218, Time: 01:00:45

Health: -2/127     AC: -3    Str: 31    XL:     13   Next: 50%
Magic:  12/12      EV: 13    Int:  6    God:    Trog [******]
Gold:   1074       SH:  5    Dex: 10    Spells: 12/12 levels left

rFire    . . .     SeeInvis .   a - +1 hand axe
rCold    . . .     Gourm    .   (no shield)
rNeg     . . .     Faith    .   m - +0 chain mail
rPois    .         Spirit   .   N - +2 hat
rElec    .         Reflect  +   (no cloak)
rCorr    .         Harm     .   p - +1 pair of gloves
MR       .....                  (no boots)
Stlth    ..........             P - amulet of reflection
HPRegen  0.31/turn              C - +6 ring of strength
MPRegen  0.13/turn              f - +4 ring of evasion

@: corroded
A: retaliatory headbutt, claws 1, hooves 1, horns 2, sense surroundings 1
a: Berserk, Trog's Hand, Brothers in Arms, Renounce Religion


You were on level 5 of the Lair of Beasts.
You worshipped Trog.
Trog was exalted by your worship.
You were not hungry.

You visited 2 branches of the dungeon, and saw 16 of its levels.
You also visited: Sewer.

You collected 1074 gold pieces.

Inventory:

Hand Weapons
 a - a +1 hand axe (weapon)
 q - a +0 war axe of flaming
 F - a +3 dire flail of venom
 S - a +1 executioner's axe of freezing
 U - a +0 war axe of electrocution
Missiles
 i - 3 silver javelins (quivered)
 t - 5 curare-tipped darts
 u - 33 poisoned darts
 H - 3 throwing nets
 I - 6 silver boomerangs
Armour
 m - a +0 chain mail (worn)
 p - a +1 pair of gloves (worn)
 G - a +0 tower shield
 N - a +2 hat (worn)
Jewellery
 f - a +4 ring of evasion (right hand)
 s - an uncursed ring of resist corrosion
 C - a +6 ring of strength (left hand)
 D - an uncursed ring of flight
 P - an amulet of reflection (around neck)
Wands
 b - a wand of clouds (14)
 d - a wand of iceblast (4)
 g - a wand of enslavement (10)
 l - a wand of polymorph (16)
 y - a wand of flame (33)
 A - a wand of paralysis (6)
 J - a wand of acid (9)
 R - a wand of random effects (44)
Scrolls
 h - 5 scrolls of fog
 j - 4 scrolls of enchant weapon
 k - 11 scrolls of remove curse
 n - 11 scrolls of teleportation
 v - 3 scrolls of magic mapping
 B - 3 scrolls of immolation
 E - 3 scrolls of fear
Potions
 e - 4 potions of stabbing
 o - a potion of mutation
 r - a potion of berserk rage
 x - a potion of heal wounds
 K - a potion of cancellation
 L - 3 potions of curing
 M - a potion of lignification
 O - a potion of haste
 T - a potion of might
Miscellaneous
 w - a phial of floods
 z - a phial of floods
 Q - a box of beasts
Comestibles
 c - 26 rations
 V - 5 chunks of flesh


   Skills:
 * Level 15.3 Fighting
 - Level 21.0 Axes
 - Level 2.4 Armour
 - Level 2.1 Dodging


You had 12 spell levels left.
You didn't know any spells.
Your spell library was empty.

Dungeon Overview and Level Annotations

Branches:
Dungeon (11/15)            Temple (0/1) D:7            Lair (5/6) D:10
  Swamp (0/4) Lair:2        Snake (0/4) Lair:2        Sewer (visited)
  Slime: Lair:5-6       Orc: D:9-12

Altars:
Ashenzari
Cheibriados
Dithmenos
Elyvilon
Makhleb
Nemelex Xobeh
Okawaru
Ru
Uskayaw
Vehumet
Wu Jian
Yredelemnul
Zin
The Shining One

Shops:
D:7 =

Annotations:
D:11 3 runed translucent doors, Kiekizit's ghost, journeyman OpAs
Lair:5 exclusion: oklob plant


Innate Abilities, Weirdness & Mutations

You reflexively headbutt those who attack you in melee.
You have a pair of horns on your head.
You have sharp fingernails.
You have large cloven feet.
You passively map a small area around you.


Message History

You hit the bush but do no damage. You kick the bush, but do no damage.
You headbutt the bush, but do no damage.
The bush is severely damaged.
You hit the bush. You hit the bush but do no damage.
You kick the bush, but do no damage.
You headbutt the bush, but do no damage.
The bush is severely damaged.
You hit the bush but do no damage. The oklob plant spits acid at you.
The splash of acid hits you!
* * * LOW HITPOINT WARNING * * *
You are splashed with acid!
* * * LOW HITPOINT WARNING * * *
Unknown command.
You feel much better. The oklob plant spits acid at you.
The splash of acid hits you!
* * * LOW HITPOINT WARNING * * *
The acid corrodes you!
You are splashed with acid!
You die...

, ..... ##..##### *
......... ###.#.###
......... ##..##...### *
.......#*##..........#
#P....###...........#
##......##............
#P#..............##.....
#....$............#P....
.PPP@........##...... ,
PPP?.....P#.#####... *
PPP.....##### #P....
.......## #.....
.........# ##....
..........# ##...
.........## #....
..#.....## ###... * ,
#.#...


You could see an oklob plant.

Vanquished Creatures
  Gastronok (D:10)
  2 two-headed ogres
  An unseen horror (D:11)
  An orb spider (shapeshifter) (D:9)
  A black mamba (Lair:5)
  Maggie (D:10)
  A gargoyle (D:10)
  Joseph (D:7)
  3 spiny frogs
  2 rime drakes (Lair:5)
  7 komodo dragons
  A troll (D:11)
  A polar bear (Lair:3)
  A hornet (D:8)
  Prince Ribbit (Lair:1)
  12 blink frogs
  12 dream sheep
  8 hippogriffs
  2 bog bodies (Lair:2)
  A wraith (D:11)
  49 yaks
  3 wyverns
  2 hungry ghosts (D:10)
  A steam dragon (D:8)
  Edmund (D:5)
  9 nagas (Lair:2)
  A swamp worm (Lair:2)
  9 water moccasins
  4 porcupines
  5 ice beasts
  5 orc warriors
  An eye of draining (D:10)
  A phantom (D:9)
  5 sky beasts
  6 black bears
  A necrophage (D:9)
  9 wolves (Lair:4)
  6 centaurs
  14 crocodiles
  12 ogres
  4 big kobolds
  15 bullfrogs
  5 scorpions
  22 killer bees
  3 electric eels
  3 crimson imps
  A bullfrog zombie (D:6)
  A centaur zombie (D:9)
  7 hounds
  2 jellies
  2 bullfrog skeletons
  4 centaur skeletons
  3 gnoll shamans
  2 orc priests
  5 orc wizards
  4 iguanas
  Terence (D:2)
  5 worker ants
  2 killer bee zombies
  A hound zombie (D:8)
  Robin (D:2)
  26 gnolls
  A howler monkey skeleton (D:9)
  A river rat (D:4)
  11 adders
  An adder skeleton (D:6)
  2 adder zombies
  A dart slug (D:1)
  7 leopard geckos
  29 orcs
  12 bats
  2 giant cockroaches
  17 goblins
  11 hobgoblins
  16 jackals
  3 quokkas
  2 ball pythons (D:4)
  A frilled lizard (D:1)
  A jackal zombie (D:5)
  19 kobolds
  A leopard gecko skeleton (D:8)
  8 rats
  5 fungi (D:10)
  A plant (D:10)
475 creatures vanquished.

Vanquished Creatures (others)
  A phantom (D:6)
  4 fungi
  4 plants
9 creatures vanquished.

Grand Total: 484 creatures vanquished

Notes
Turn   | Place    | Note
-------+----------+-------------------------------------------
     0 | D:1      | Cazemata the Minotaur Berserker began the quest for the
                  | Orb.
     0 | D:1      | Reached XP level 1. HP: 19/19 MP: 0/0
     1 | D:1      | Noticed an electric eel
    56 | D:1      | Reached skill level 4 in Axes
   286 | D:1      | Reached XP level 2. HP: 26/26 MP: 1/1
   345 | D:1      | Reached skill level 5 in Axes
   570 | D:1      | Reached XP level 3. HP: 31/31 MP: 2/2
  1353 | D:2      | Noticed Terence
  1388 | D:2      | Killed Terence
  1670 | D:2      | Reached ** piety under Trog
  1707 | D:2      | Reached skill level 6 in Axes
  1707 | D:2      | Reached XP level 4. HP: 39/39 MP: 3/3
  1779 | D:2      | Noticed Robin
  1794 | D:2      | Killed Robin
  2857 | D:3      | Reached *** piety under Trog
  2861 | D:3      | Reached skill level 7 in Axes
  2861 | D:3      | Reached XP level 5. HP: 42/45 MP: 4/4
  2943 | D:3      | Found a basalt altar of Yredelemnul.
  2943 | D:3      | Found a sparkling altar of Nemelex Xobeh.
  2944 | D:3      | Found a snail-covered altar of Cheibriados.
  3411 | D:4      | Reached skill level 8 in Axes
  3434 | D:4      | Noticed an ogre
  3439 | D:4      | Killed an ogre
  3439 | D:4      | Reached XP level 6. HP: 30/51 MP: 5/5
  3586 | D:4      | Reached skill level 9 in Axes
  3593 | D:4      | Found a glowing drain.
  3598 | D:4      | Found a radiant altar of Vehumet.
  3626 | Sewer    | Entered a sewer
  4299 | D:4      | Reached XP level 7. HP: 45/57 MP: 6/6
  4593 | D:4      | Reached skill level 10 in Axes
  4955 | D:5      | Entered Level 5 of the Dungeon
  4955 | D:5      | Noticed Edmund
  4972 | D:5      | Killed Edmund
  5269 | D:5      | Reached skill level 11 in Axes
  5747 | D:5      | Gained mutation: You have large cloven feet. [potion of
                  | mutation]
  5747 | D:5      | Gained mutation: You passively map a small area around you.
                  | [potion of mutation]
  5747 | D:5      | Gained mutation: You have sharp fingernails. [potion of
                  | mutation]
  5772 | D:6      | Reached XP level 8. HP: 60/64 MP: 7/7
  5786 | D:6      | Reached skill level 12 in Axes
  6204 | D:6      | Reached **** piety under Trog
  6330 | D:6      | Reached skill level 13 in Axes
  7017 | D:7      | Noticed a hippogriff
  7030 | D:7      | Killed a hippogriff
  7030 | D:7      | Reached skill level 14 in Axes
  7030 | D:7      | Reached XP level 9. HP: 70/70 MP: 8/8
  7090 | D:7      | Found a hide-covered altar of Uskayaw.
  7166 | D:7      | Found Umeasuqo's Jewellery Shop.
  7240 | D:7      | Noticed Joseph
  7256 | D:7      | Killed Joseph
  7507 | D:7      | Found a staircase to the Ecumenical Temple.
  7546 | D:7      | Found a shattered altar of Ashenzari.
  7552 | D:7      | Found a burning altar of Makhleb.
  7552 | D:7      | Noticed a blizzard demon
  7555 | D:7      | Noticed a hellwing
  7555 | D:7      | Noticed a hellwing
  7726 | D:7      | Found a white marble altar of Elyvilon.
  7726 | D:7      | Found a glowing golden altar of the Shining One.
  7727 | D:7      | Found a glowing silver altar of Zin.
  7865 | D:7      | Found an ornate altar of the Wu Jian Council.
  7871 | D:7      | Reached skill level 15 in Axes
  7876 | D:7      | Found a shadowy altar of Dithmenos.
  7886 | D:7      | Found an iron altar of Okawaru.
  8134 | D:8      | Reached ***** piety under Trog
  8546 | D:8      | Reached skill level 16 in Axes
  8764 | D:8      | Got an ichor-stained ring mail
  8776 | D:8      | Identified the +2 ring mail "Vidysao" {*Slow rElec rCorr
                  | MP+9} (You found it on level 8 of the Dungeon)
  8903 | D:8      | Reached XP level 10. HP: 70/77 MP: 9/9
  8980 | D:8      | Paralysed by a hornet for 2 turns
  9223 | D:8      | Found a sacrificial altar of Ru.
  9457 | D:9      | Reached skill level 17 in Axes
  9885 | D:9      | Got an ancient robe
  9902 | D:9      | Identified the +1 robe "Futusm" {Harm rCorr MP+9 Slay+3}
                  | (You found it on level 9 of the Dungeon)
  9965 | D:9      | Noticed an orb spider
  9965 | D:9      | a jumping spider changed into an orb spider
  9969 | D:9      | Killed an orb spider
 10474 | D:9      | Reached skill level 18 in Axes
 11019 | D:9      | Got an ichor-stained robe
 11020 | D:9      | Identified the +2 robe "Rubuump" {rPois rN+} (You found it
                  | on level 9 of the Dungeon)
 11100 | D:10     | Entered Level 10 of the Dungeon
 11121 | D:10     | Noticed a two-headed ogre
 11131 | D:10     | Killed a two-headed ogre
 11653 | D:10     | Reached XP level 11. HP: 82/82 MP: 10/10
 11698 | D:10     | Reached skill level 19 in Axes
 11967 | D:10     | Found a staircase to the Lair.
 12539 | D:10     | Received a gift from Trog
 13574 | D:10     | Noticed Maggie
 13596 | D:10     | Killed Maggie
 13761 | D:10     | Noticed Gastronok
 13776 | D:10     | Killed Gastronok
 13776 | D:10     | Reached skill level 20 in Axes
 14564 | D:11     | Identified the +7 chain mail of Xuhydghous {Str+2 Stlth+}
 14567 | D:11     | Found a runed translucent gate.
 14567 | D:11     | Found a runed translucent gate.
 14567 | D:11     | Found a runed translucent gate.
 14725 | D:11     | Noticed a two-headed ogre
 14738 | D:11     | Killed a two-headed ogre
 14898 | D:11     | Noticed Kiekizit's ghost (journeyman OpAs)
 15041 | D:11     | Reached skill level 21 in Axes
 15115 | D:11     | Reached XP level 12. HP: 64/90 MP: 11/11
 15463 | D:11     | Reached skill level 5 in Fighting
 15756 | Lair:1   | Entered Level 1 of the Lair of Beasts
 15756 | Lair:1   | Noticed Prince Ribbit
 15777 | Lair:1   | Killed Prince Ribbit
 17255 | Lair:2   | Reached skill level 10 in Fighting
 17601 | Lair:2   | Found a staircase to the Snake Pit.
 18198 | Lair:2   | Found a staircase to the Swamp.
 19829 | Lair:4   | Received a gift from Trog
 19835 | Lair:4   | Reached XP level 13. HP: 107/119 MP: 12/12
 21305 | Lair:5   | Reached ****** piety under Trog
 21616 | Lair:5   | Reached skill level 15 in Fighting
 22217 | Lair:5   | HP: 3/127 [acid (9)]
 22218 | Lair:5   | Splashed by an oklob plant's acid

Illustrated notes

Levels and vault maps discovered:
D:1:      arrival_aquarium_a, layout_rooms, minmay_split_cup_large
D:2:      layout_basic, uniq_terence, uniq_robin
D:3:      cheibrodos_old_hovel, layout_basic,
          chequers_temple_overflow_statue_of_worship, minmay_starry_boxes
D:4:      layout_layer_cave, lemuel_round_altar, first_ration,
          portal_sewer_entry_a, roderic_cross_of_infinity
D:5:      layout_cave_pools, uniq_edmund
D:6:      layout_basic, grunt_ministairs_4
D:7:      layout_layer_cave, good_gods_temple_1, makhleb_altar_promises_db,
          eat_drink_and_be_merry_uskayaw, minmay_overflow_temple_star_quad,
          minmay_temple_entry_statues_fountains, serial_shops,
          nicolae_shop_crystal, basic_altar, uniq_joseph
D:8:      layout_loops_cross, overflow_temple_1_default, grunt_pizzeria
D:9:      wander_river, layout_cave_pods
D:10:     kennysheep_seaside_town, layout_gridville, lair_entry_dummy,
          uniq_gastronok, uniq_maggie
D:11:     layout_layer_cave, gammafunk_ghost_spectres
Lair:1:   layout_regular_city, minivault_11, beast_lair_carwin_5,
          uniq_prince_ribbit2
Lair:2:   layout_chaotic_city, nicolae_swamp_entry_splash_gauntlet,
          minmay_snake_entry_guardpost_large
Lair:3:   layout_roguey, serial_bayou_shore_a, serial_bayou_shore_b
Lair:4:   layout_regular_city, grunt_megastairs_1
Lair:5:   layout_cellular_growth, minmay_lair_oklob_bushes

Skill      XL: |  1  2  3  4  5  6  7  8  9 10 11 12 13 |
---------------+----------------------------------------+-----
Axes           | 4 5 6 7 8 9 11 14 16 18 21 | 21.0
Fighting       | 12 15 | 15.3
Armour         | |  2.4
Dodging        | |  2.1

Action                   |  1- 3 |  4- 6 |  7- 9 | 10-12 | 13-15 || total
-------------------------+-------+-------+-------+-------+-------++-------
Melee: Hand axe          |    93 |   138 |   360 |   851 |   250 ||  1692
       Headbutt          |    13 |    28 |    58 |   215 |    75 ||   389
       Kick              |       |       |    91 |   337 |   110 ||   538
Invok: Trog's Hand       |       |     1 |     3 |     5 |       ||     9
       Berserk           |       |     1 |     2 |     1 |       ||     4
  Use: Scroll            |       |     5 |    12 |     9 |     2 ||    28
       Potion            |       |       |    12 |     5 |     2 ||    19
 Stab: Sleeping          |       |       |    13 |       |       ||    13
       Invisible         |       |       |     2 |       |       ||     2
  Eat: Chunk             |     2 |    10 |    11 |    29 |     7 ||    59
       Ration            |       |       |     2 |     3 |       ||     5
Armor: Animal skin       |     5 |       |       |       |       ||     5
       Chain mail        |    22 |    84 |    99 |   181 |    38 ||   424
Dodge: Dodged            |    47 |    57 |   138 |   383 |    68 ||   693
Block: Other             |       |       |       |    25 |    28 ||    53
       Reflection        |       |       |       |       |     1 ||     1
